 Dungeon Crawl Stone Soup version 0.20.1-1-g8b1a95d (webtiles) character file.

119 Kingsmith the Magician (level 4, -6/30 HPs)
             Began as a Mummy Ice Elementalist on Dec 6, 2017.
             Mangled by a gnoll
             ... wielding a +0 flail
              (14 damage)
             ... on level 3 of the Dungeon.
             The game lasted 00:05:37 (3378 turns).

Kingsmith the Magician (Mummy Ice Elementalist)     Turns: 3378, Time: 00:05:38

Health: -6/30      AC:  2    Str: 11    XL:     4   Next: 74%
Magic:  9/9        EV: 12    Int: 15    God:
Gold:   109        SH:  0    Dex: 12    Spells: 0/10 levels left

rFire    x . .     SeeInvis .   l - +4 hand axe (elec)
rCold    + . .     Gourm    .   (no shield)
rNeg     + + +     Faith    .   a - +0 robe
rPois    ∞         Spirit   .   (no helmet)
rElec    .         Reflect  .   (no cloak)
rCorr    .         Harm     .   (no gloves)
MR       .....                  (no boots)
Stlth    ++........             (no amulet)
Regen    0.1/turn               e - ring of flight
MPRegen  0.2/turn               (no ring)

@: no status effects
A: no food or potions, fire vulnerability, cold resistance 1, negative energy
resistance 3, torment resistance, unbreathing
a: Evoke Flight


You were on level 3 of the Dungeon.
You were not hungry.

You visited 1 branch of the dungeon, and saw 3 of its levels.

You collected 109 gold pieces.

Inventory:

Hand Weapons
 l - a +4 hand axe of electrocution (weapon)
Armour
 a - a +0 robe (worn)
Jewellery
 e - a ring of flight (left hand)
 o - an uncursed ring of protection from cold {unknown}
Wands
 j - a wand of paralysis (10/24)
 k - a wand of polymorph (14/24)
 n - a wand of iceblast (6/15)
Scrolls
 c - 2 scrolls of identify {unknown}
 d - 4 scrolls of remove curse {unknown}
 f - a scroll of amnesia {unknown}
 g - 2 scrolls of teleportation {unknown}
 h - a scroll of fear {unknown}
 i - a scroll of enchant weapon {unknown}
 m - a scroll of magic mapping {unknown}
Books
 b - a book of Frost

   Spells                             Type                      Level
   a - Freeze                         Ice                          1
   b - Throw Frost                    Conjuration/Ice              2
   c - Ozocubu's Armour               Charms/Ice                   3
   d - Throw Icicle                   Conjuration/Ice              4
   e - Summon Ice Beast               Ice/Summoning                4


   Skills:
 - Level 1.5 Dodging
 - Level 1.5 Stealth
 - Level 3.6 Spellcasting
 - Level 3.2 Conjurations
 + Level 1.0 Charms
 - Level 2.4 Ice Magic


You couldn't memorise any spells.
You knew the following spells:

 Your Spells              Type           Power        Failure   Level  Hunger
a - Freeze                Ice            #...         7%          1    N/A
b - Throw Frost           Conj/Ice       ##....       9%          2    N/A
c - Ozocubu's Armour      Chrm/Ice       #.......     28%         3    N/A
d - Summon Ice Beast      Ice/Summ       #.......     75%         4    N/A

Dungeon Overview and Level Annotations

Branches:
Dungeon (3/15)

Altars:
Cheibriados
Dithmenos
Makhleb
Ru


Innate Abilities, Weirdness & Mutations

You do not eat or drink.
Your flesh is vulnerable to fire.
You are immune to poison.
Your flesh is cold resistant. (rC+)
You are immune to negative energy. (rN+++)
You are immune to unholy pain and torment.
You can survive without breathing.


Message History

The orc is heavily wounded.
The orc hits you but does no damage.
You closely miss the orc.
The orc is heavily wounded.
The gnoll hits you from afar with a spear.
The orc hits you with a club.
The gnoll hits you from afar with a spear.
The orc closely misses you.
There is a stone staircase leading down here.
There are monsters nearby!
You closely miss the orc.
The orc is heavily wounded.
The orc closely misses you. The gnoll closely misses you.
The gnoll barely misses you.
You can't go up here!
The orc hits you with a club.
The gnoll hits you from afar with a spear.
* * * LOW HITPOINT WARNING * * *
The gnoll hits you with a flail!
You die...

... ..............#
..............#.#)##
g.......##.##.#....##
#o#.....##.##.#......
#o#.....#..#.......##
#.##g.# #.##.......##
####o##g.###.##.........
#....gog..##.##.........
###.##$##@..##.##.......##
..(!.........##.##.......#
####.##...............<..#
# ##........###.######
#####.#### #.# #.# #.# #.#
#.# ..# #.# ### #.#######


You could see an orc priest, 4 gnolls and an orc.

Vanquished Creatures
  Terence (D:2)
  2 adders
  An ooze (D:1)
  A worm (D:3)
  3 dart slugs
  A leopard gecko (D:2)
  2 giant cockroaches
  7 goblins
  12 hobgoblins
  6 jackals
  3 bats
  3 frilled lizards
  6 kobolds
  10 rats
58 creatures vanquished.

Notes
Turn   | Place    | Note
-------+----------+-------------------------------------------
     0 | D:1      | Kingsmith the Mummy Ice Elementalist began the quest for the Orb.
     0 | D:1      | Reached XP level 1. HP: 13/13 MP: 4/4
   379 | D:1      | Reached XP level 2. HP: 16/19 MP: 4/6
   385 | D:1      | Learned a level 2 spell: Throw Frost
   520 | D:1      | Reached skill level 1 in Conjurations
  1234 | D:1      | Reached XP level 3. HP: 20/24 MP: 8/8
  1743 | D:2      | Found a burning altar of Makhleb.
  2019 | D:2      | Found a shadowy altar of Dithmenos.
  2199 | D:2      | Found a snail-covered altar of Cheibriados.
  2204 | D:2      | Reached XP level 4. HP: 30/30 MP: 9/9
  2208 | D:2      | Found a sacrificial altar of Ru.
  2219 | D:2      | Learned a level 3 spell: Ozocubu's Armour
  2224 | D:2      | Learned a level 4 spell: Summon Ice Beast
  2232 | D:2      | Noticed Terence
  2239 | D:2      | Killed Terence
  3286 | D:3      | Reached skill level 1 in Charms
  3378 | D:3      | Mangled by a gnoll

Skill      XL: |  1  2  3  4 |
---------------+-------------+-----
Spellcasting   | 3 |  3.6
Conjurations   | 1 2 3 |  3.2
Charms         | 1 |  1.0
Dodging        | |  1.5
Stealth        | |  1.5
Ice Magic      | |  2.4

Action                   |  1- 3 |  4- 6 || total
-------------------------+-------+-------++-------
Melee: Dagger            |    81 |       ||    81
       Unarmed           |     1 |       ||     1
       Hand axe          |       |    32 ||    32
 Cast: Freeze            |    26 |     8 ||    34
       Throw Frost       |     6 |     4 ||    10
 Stab: Sleeping          |     3 |       ||     3
Armor: Robe              |    18 |     6 ||    24
Dodge: Dodged            |    67 |    24 ||    91
